 Dungeon Crawl Stone Soup version 0.27.1-1-g398f81649c (webtiles) character file.

Game seed: 14762008615482766367

152427 Kinoniko the Bludgeoner (level 17, -13/165 HPs)
             Began as a Troll Berserker on Sept 9, 2021.
             Was a High Priest of Trog.
             Mangled by a nagaraja (14 damage)
             ... on level 4 of the Snake Pit on Sept 17, 2021.
             The game lasted 00:38:26 (25159 turns).

Kinoniko the Bludgeoner (Troll Berserker)          Turns: 25159, Time: 00:38:26

Health: -13/165    AC: 23    Str: 31      XL:     17   Next: 2%
Magic:  0/7        EV: 11    Int: 17      God:    Trog [*****.]
Gold:   1871       SH: 25    Dex: 12 (14) Spells: 16/16 levels left

rFire    . . .     SeeInvis .   a - +7 eveningstar (vamp)
rCold    . . .     Faith    .   L - +5 tower shield of Sif Muna's Envy {Will+ Slay+2}
rNeg     + + .     Spirit   .   p - +0 swamp dragon scales "Qozxeew" {rElec rPois}
rPois    +         Reflect  .   u - +2 hat {Will+}
rElec    +         Harm     .   n - +2 cloak
rCorr    +         Rampage  .   (gloves unavailable)
Will     +++..                  (boots unavailable)
Stlth    ++........             b - amulet of regeneration
HPRegen  2.37/turn              V - ring "Singeu Itsa" {+Blink rN++ rCorr Int+5}
MPRegen  0.10/turn              I - ring "Wieclued" {MP-9 AC+4 Int+6 Dex+3}

@: lethally poisoned (-13 -> -14), about to teleport, on berserk cooldown,
studying Long Blades
A: large, unfitting armour, claws 3, regeneration 1, shaggy fur 1, tough skin 1,
iridescent scales 1, thin skeletal structure 1, deterioration 1, evolution 1
a: Renounce Religion, Evoke Blink, Berserk, Trog's Hand, Brothers in Arms


You were on level 4 of the Snake Pit.
You worshipped Trog.
Trog was extremely pleased with you.
You visited 4 branches of the dungeon, and saw 27 of its levels.
You also visited: Ice Cave.

You collected 2665 gold pieces.
You spent 794 gold pieces at shops.

Inventory:

Hand Weapons
 a - a +7 vampiric eveningstar (weapon)
 J - a +7 morningstar of freezing
 W - a +3 vorpal eveningstar
 Z - a +6 vorpal giant spiked club
Missiles
 s - 2 throwing nets (quivered)
Armour
 n - a +2 cloak (worn)
 p - the +0 swamp dragon scales "Qozxeew" (worn) {rElec rPois}
   (You found it on level 6 of the Lair of Beasts)

   rElec:     It insulates you from electricity.
   rPois:     It protects you from poison.
 u - a +2 hat of willpower (worn)
 H - +5 acid dragon scales
 K - the +1 tower shield "Xasan" {rF+ Str+3 Dex+3}
   (You took it off Louise on level 14 of the Dungeon)

   Str:       It affects your strength (+3).
   Dex:       It affects your dexterity (+3).
   rF:        It protects you from fire.
 L - the +5 tower shield of Sif Muna's Envy (worn) {Will+ Slay+2}
   (You found it on level 12 of the Dungeon)

   Slay:      It affects your accuracy & damage with ranged weapons and melee
   (+2).
   Will:      It increases your willpower.
 R - +0 ice dragon scales
Jewellery
 b - an amulet of regeneration (around neck)
 h - a ring of willpower
 q - a ring of see invisible
 x - a ring of positive energy
 z - a ring of magical power
 I - the ring "Wieclued" (right claw) {MP-9 AC+4 Int+6 Dex+3}
   (You found it on level 13 of the Dungeon)

   [ring of protection]

   AC:        It affects your AC (+4).
   Int:       It affects your intelligence (+6).
   Dex:       It affects your dexterity (+3).
   MP:        It affects your magic capacity (-9).
 P - a +6 ring of strength
 V - the ring "Singeu Itsa" (left claw) {+Blink rN++ rCorr Int+5}
   (You acquired it on level 3 of the Lair of Beasts)

   [ring of resist corrosion]

   Int:       It affects your intelligence (+5).
   rN:        It greatly protects you from negative energy.
   +Blink:    It lets you blink.
   rCorr:     It protects you from acid and corrosion.
Wands
 g - a wand of paralysis (8)
 r - a wand of flame (58)
 t - a wand of iceblast (14)
 w - a wand of acid (7)
 B - a wand of digging (5)
 S - a wand of polymorph (38)
 T - a wand of mindburst (30)
Scrolls
 e - 3 scrolls of amnesia
 f - 3 scrolls of immolation
 i - 11 scrolls of teleportation
 j - 4 scrolls of fog
 k - 6 scrolls of vulnerability
 v - 3 scrolls of fear
 y - 3 scrolls of identify
 D - a scroll of magic mapping
 G - a scroll of silence
 M - a scroll of torment
Potions
 c - 3 potions of flight
 d - a potion of resistance
 l - 5 potions of heal wounds
 m - 12 potions of curing
 A - 6 potions of might
 C - 2 potions of brilliance
 E - 5 potions of attraction
 F - a potion of cancellation
 N - a potion of ambrosia
 O - 2 potions of invisibility
 Q - a potion of berserk rage
 U - 4 potions of lignification
 X - 2 potions of magic
 Y - 2 potions of haste
Miscellaneous
 o - a tin of tremorstones (2/2)


   Skills:
 + Level 9.8 Fighting
 - Level 18.0 Maces & Flails
 + Level 10.0 Armour
 + Level 10.3 Dodging
 * Level 11.4 Shields


You had 16 spell levels left.
You didn't know any spells.
Your spell library contained the following spells:

 Spells                   Type           Power      Damage    Failure   Level
 Apportation              Tloc           0%         N/A       54%         1
 Sandblast                Erth           0%         2d4       54%         1
 Blink                    Tloc           N/A        N/A       69%         2
 Ignite Poison            Fire/Tmut/Pois 0%         N/A       89%         3
 Stone Arrow              Conj/Erth      0%         3d7       89%         3
 Fireball                 Conj/Fire      0%         3d3       100%        5
 Iskenderun's Battlesphe  Conj           0%         2d6       100%        5
 Summon Forest            Summ/Tloc      0%         N/A       100%        5
 Conjure Ball Lightning   Conj/Air       0%         3x3d6     100%        6
 Statue Form              Tmut/Erth      0%         N/A       100%        6
 Orb of Destruction       Conj           0%         N/A       100%        7
 Disjunction              Tloc           0%         N/A       100%        8
 Shatter                  Erth           0%         3d5*      100%        9


Dungeon Overview and Level Annotations

Branches:
Dungeon (15/15)            Temple (0/1) D:6            Lair (6/6) D:10
  Swamp (0/4) Lair:2        Snake (4/4) Lair:2        Slime (0/5) Lair:6
    Orc (2/2) D:12            Elf (0/3) Orc:2        Vaults (0/5) D:13
 Depths (0/5) D:15          IceCv (visited)

Altars:
Ashenzari
Cheibriados
Elyvilon
Fedhas
Gozag
Hepliaklqana
Makhleb
Nemelex Xobeh
Okawaru
Qazlal
Ru
Sif Muna
Trog
Uskayaw
Vehumet
Xom
Beogh

Shops:
D:1 :   D:14 *[(*?   Orc:2 ?:?*((((=   Snake:1 *


Innate Abilities, Weirdness & Mutations

You are too large for most types of armour.
You have claws for hands.
Your natural rate of healing is unusually fast.
You are covered in fur. (AC +1)
You have tough skin. (AC +1)
You are partially covered in iridescent scales. (AC +2)
You have a somewhat thin skeletal structure. (Dex +2, Stealth+)
Your body sometimes deteriorates upon taking damage.
You evolve.


Message History

The splash of poison hits your ogre!
Your ogre looks even sicker.
Cornered, the guardian serpent turns to fight!
Unknown command.
You feel very sick. You block the mana viper's attack.
Cornered, the black mamba turns to fight!
Your ogre closely misses the naga sharpshooter.
The guardian serpent casts a spell at you.
The salamander tyrant blinks into view!
The quicksilver dragon blinks!
The black mamba blinks!
The naga sharpshooter blinks!
You block the salamander tyrant's attack.
The naga sharpshooter shoots a bolt.
The bolt hits you.
* * * LOW HITPOINT WARNING * * *
The bolt freezes you.
* * * LOW HITPOINT WARNING * * *
The quicksilver dragon barely misses you.
The quicksilver dragon claws you but does no damage.
The mana viper bites you.
* * * LOW HITPOINT WARNING * * *
The black mamba completely misses you.
Unknown command.
Unknown command.
Unknown command.
As you read the scroll of teleportation, it crumbles to dust.
You feel strangely unstable.
You feel sick. You block the nagaraja's attack.
The guardian serpent closely misses your ogre.
Your ogre hits the salamander tyrant with a +0 giant club!!
The black mamba bites you.
* * * LOW HITPOINT WARNING * * *
You block the quicksilver dragon's attack.
The quicksilver dragon claws you but does no damage.
The mana viper bites you but does no damage.
The salamander tyrant hits you but does no damage.
The naga sharpshooter shoots a bolt.
The bolt hits you!
* * * LOW HITPOINT WARNING * * *
The bolt freezes you.
* * * LOW HITPOINT WARNING * * *
The nagaraja hits you from afar with a +0 spear!
You die...

*#...**,,*##..###...###..***,,*
**..[.#*,,*#...# ##+## *..,**,,*
**,,,,,*,,,*#...#**,,,***,,,**,,,
*,,,,,*#.,*###.##*,,,,,***,****,,
*,,,,**....#...##*,,8,,***,,,*,,,
*,,,**,.:.......##*,,,***,,,,,,,,
**,,*,,?.##+##(..#**+***,,,**+**,
*,,*^,,##...##SN#*,,,**,,**,,,**
**,***,,#.....#N@#,,,,,*,,*,,,,,*
,,,,*,,,#8.⌠.§ODS#,,8,,*,,+,,⌠,8*
,,,,*,,,#....$#SN#*,,,**,,*,,,,,*
,,,,**,,##.8.*##.§#*+**,,***,8,**
,,,,,**,,###**,#'.N.,,,,+*,*****,
********,,,**,,.##8..,8**,,,**,,,
**,,,,,,#*,..(..,**,,,,,,*
****,,**,,.#.#.,,**,,****
*****,,**##*,,*****


You could see a quicksilver dragon, a nagaraja (fast), a naga sharpshooter
(catching breath, ally target), a salamander tyrant, a mana viper, a guardian
serpent, a black mamba and a friendly ogre (summoned, berserk, very poisoned).

Vanquished Creatures
  A quicksilver dragon (Snake:4)
  Kirke (D:12)
  Agnes (Snake:2)
  Roxanne (Snake:2)
  A nagaraja (Snake:3)
  Aizul (Snake:3)
  Louise (D:14)
  2 very ugly things (IceCv)
  A stone giant (D:15)
  5 dire elephants (Lair:6)
  Snorg (Lair:6)
  An ice dragon (Snake:4)
  2 naga warriors
  Fannar (D:11)
  5 hydras
  A rakshasa (D:15)
  3 boulder beetles
  A catoblepas (Lair:5)
  2 ogre magi
  4 centaur warriors
  12 two-headed ogres
  3 anacondas
  A death yak (Lair:4)
  2 tengu warriors (D:14)
  7 naga sharpshooters
  4 orc high priests (Orc:2)
  A shock serpent (Snake:1)
  A spectral dire elephant (Lair:6)
  Nergalle (D:11)
  2 salamander mystics
  4 skeletal warriors
  A spectral death yak (Lair:6)
  A spectral anaconda (Lair:6)
  2 naga ritualists
  A deep elf archer (D:14)
  An orc knight (D:14)
  An obsidian statue (Lair:6)
  Pikel (D:9)
  4 necromancers (Lair:6)
  3 bog bodies (Lair:2)
  2 deep elf pyromancers
  A manticore (D:12)
  An orc sorcerer (Orc:2)
  5 mana vipers
  4 oklob plants (Lair:6)
  17 ugly things
  11 salamanders
  6 cyclopes
  2 guardian serpents (Snake:4)
  A dire elephant zombie (Lair:6)
  11 naga magi
  37 black mambas
  25 elephants
  11 cane toads
  A torpor snail (Lair:4)
  A kobold demonologist (D:12)
  A rime drake (Lair:4)
  An unseen horror (D:12)
  2 freezing wraiths
  16 komodo dragons
  A yaktaur (D:14)
  A golden dragon simulacrum (IceCv)
  A tengu conjurer (D:14)
  6 trolls
  A troll (shapeshifter) (D:14)
  3 polar bears
  17 slime creatures
  17 blink frogs
  A tarantella (shapeshifter) (D:15)
  A dire elephant simulacrum (IceCv)
  2 wraiths
  37 yaks
  A shadow (D:11)
  3 wyverns
  2 steam dragons (D:8)
  5 basilisks
  2 spectral cane toads (Lair:6)
  6 vampire mosquitoes (D:14)
  A death yak simulacrum (Lair:6)
  2 wargs (Orc:1)
  25 nagas
  4 swamp worms
  2 acid dragons
  25 water moccasins
  A swamp drake (D:12)
  6 black bears
  17 wolves
  2 alligator simulacra (IceCv)
  25 orc warriors
  A sky beast (D:8)
  A hornet zombie (D:8)
  An elephant zombie (Lair:6)
  2 necrophages
  A wolf (shapeshifter) (D:13)
  4 ogres
  An elephant skeleton (Lair:6)
  9 centaurs
  3 phantoms
  2 lemures (D:9)
  13 bullfrogs
  2 kobold brigands
  2 scorpions
  3 elephant simulacra (Lair:6)
  9 killer bees (D:9)
  10 wights
  An electric eel (Lair:2)
  4 howler monkeys
  3 centaur zombies
  A hound (D:6)
  A jelly (D:7)
  Crazy Yiuf (D:3)
  36 orc priests
  A bullfrog skeleton (D:4)
  3 iguanas (D:6)
  28 orc wizards
  A killer bee zombie (D:8)
  A hound skeleton (D:4)
  A howler monkey zombie (D:6)
  3 gnolls (D:5)
  A river rat (shapeshifter) (D:15)
  8 adders
  A shadow imp (D:6)
  A white imp (D:8)
  An ufetubus (D:5)
  2 adder skeletons
  2 worms
  4 dart slugs
  55 orcs
  6 ball pythons
  4 endoplasms
  2 giant cockroaches (D:2)
  13 hobgoblins
  4 jackals
  27 kobolds
  2 quokkas
  3 bats
  12 goblins
  8 rats
767 creatures vanquished.

Vanquished Creatures (collateral kills)
  2 hydras (Lair:4)
  2 naga warriors (Snake:3)
  A skeletal warrior (D:8)
  An orange crystal statue (IceCv)
  A naga ritualist (Snake:4)
  2 salamanders
  A guardian serpent (Snake:3)
  An elephant (Lair:4)
  3 black mambas
  A freezing wraith (IceCv)
  A harpy simulacrum (IceCv)
  A hydra simulacrum (IceCv)
  2 nagas (Snake:4)
  An orc warrior (Orc:2)
  2 alligator simulacra (IceCv)
  A bullfrog (Lair:4)
  4 orc priests (Orc:2)
  5 orc wizards (Orc:2)
32 creatures vanquished.

Vanquished Creatures (others)
  A shadow (D:12)
  A human (D:12)
  30 fungi
  37 plants
  25 withered plants (Lair:6)
94 creatures vanquished.

Grand Total: 893 creatures vanquished

Notes
Turn   | Place    | Note
-------+----------+-------------------------------------------
     0 | D:1      | Kinoniko the Troll Berserker began the quest for the Orb.
     0 | D:1      | Reached XP level 1. HP: 22/22 MP: 0/0
    62 | D:1      | Found Teargh An Muc's Book Shoppe.
   181 | D:1      | Reached skill level 3 in Maces & Flails
   302 | D:1      | You fall into a shaft and drop 1 floor!
   308 | D:2      | Reached XP level 2. HP: 25/29 MP: 1/1
   452 | D:2      | Reached skill level 4 in Maces & Flails
   452 | D:2      | Reached XP level 3. HP: 36/36 MP: 2/2
   676 | D:1      | Found a faded altar of an unknown god.
  1180 | D:2      | Reached ** piety under Trog
  1385 | D:3      | Reached XP level 4. HP: 30/44 MP: 3/3
  1625 | D:3      | Found a large runed translucent door.
  1626 | D:3      | Found a large runed translucent door.
  1631 | D:3      | Found a shimmering altar of Xom.
  1700 | D:3      | Found a runed translucent door.
  1701 | D:3      | Noticed Crazy Yiuf
  1748 | D:3      | Killed Crazy Yiuf
  1749 | D:3      | Reached skill level 5 in Maces & Flails
  2265 | D:4      | Noticed a black bear
  2274 | D:4      | Killed a black bear
  2275 | D:4      | Reached XP level 5. HP: 50/50 MP: 4/4
  2278 | D:4      | Reached skill level 6 in Maces & Flails
  2393 | D:4      | Reached XP level 6. HP: 57/59 MP: 5/5
  2413 | D:4      | Found a stormy altar of Qazlal.
  2532 | D:4      | Found a sparkling altar of Nemelex Xobeh.
  2800 | D:5      | Entered Level 5 of the Dungeon
  2821 | D:5      | Reached skill level 7 in Maces & Flails
  2939 | D:5      | Reached XP level 7. HP: 66/66 MP: 6/6
  2956 | D:5      | Reached *** piety under Trog
  3146 | D:5      | Found a sacrificial altar of Ru.
  3227 | D:5      | Found a snail-covered altar of Cheibriados.
  3232 | D:5      | Reached skill level 8 in Maces & Flails
  3889 | D:5      | Identified a scroll of acquirement
  3890 | D:5      | Acquired a +1 hat of willpower
  4043 | D:6      | Found a hide-covered altar of Uskayaw.
  4072 | D:6      | Reached skill level 9 in Maces & Flails
  4072 | D:6      | Reached XP level 8. HP: 57/74 MP: 7/7
  4322 | D:6      | Found a radiant altar of Vehumet.
  4383 | D:6      | Reached skill level 10 in Maces & Flails
  4449 | D:6      | Found a staircase to the Ecumenical Temple.
  4549 | D:6      | Reached **** piety under Trog
  4565 | D:6      | Found an opulent altar of Gozag.
  5142 | D:7      | Reached skill level 11 in Maces & Flails
  5145 | D:7      | Reached XP level 9. HP: 80/80 MP: 8/8
  5400 | D:7      | Found a shimmering blue altar of Sif Muna.
  5560 | D:7      | Found a blossoming altar of Fedhas.
  5597 | D:7      | Reached skill level 12 in Maces & Flails
  5885 | D:8      | Noticed a skeletal warrior
  5885 | D:8      | Noticed a skeletal warrior
  5885 | D:8      | Noticed a skeletal warrior
  5885 | D:8      | Noticed a skeletal warrior
  5902 | D:7      | Killed a skeletal warrior
  6136 | D:8      | Reached skill level 13 in Maces & Flails
  6238 | D:8      | Reached XP level 10. HP: 88/88 MP: 9/9
  6457 | D:8      | Found a bloodstained altar of Trog.
  6601 | D:8      | Noticed a skeletal warrior
  6609 | D:8      | Killed a skeletal warrior
  6670 | D:8      | Killed a skeletal warrior
  6685 | D:8      | Killed a skeletal warrior
  6686 | D:8      | Reached skill level 14 in Maces & Flails
  6697 | D:8      | Killed a skeletal warrior
  6959 | D:9      | Noticed Pikel
  6978 | D:9      | Killed Pikel
  7739 | D:10     | Entered Level 10 of the Dungeon
  7739 | D:10     | Noticed a two-headed ogre
  7748 | D:10     | Killed a two-headed ogre
  7749 | D:10     | Reached skill level 15 in Maces & Flails
  7749 | D:10     | Reached XP level 11. HP: 38/94 MP: 10/10
  7914 | D:10     | Found a staircase to the Lair.
  8003 | D:10     | Found a broken altar of Ashenzari.
  8005 | D:10     | Found a burning altar of Makhleb.
  8005 | D:10     | Found a white marble altar of Elyvilon.
  8006 | D:10     | Found an iron altar of Okawaru.
  8105 | D:10     | Found a hazy altar of Hepliaklqana.
  8260 | D:10     | Found a shimmering altar of Xom.
  8505 | D:10     | Noticed a two-headed ogre
  8513 | D:10     | Killed a two-headed ogre
  8568 | D:11     | Noticed Fannar
  8586 | D:11     | Killed Fannar
  8587 | D:11     | Reached skill level 16 in Maces & Flails
  8664 | D:11     | Noticed a two-headed ogre
  8669 | D:11     | Killed a two-headed ogre
  8776 | D:11     | Noticed an eight-headed hydra
  8780 | D:11     | Killed an eight-headed hydra
  8836 | D:11     | Noticed a two-headed ogre
  8837 | D:11     | Noticed a brown ugly thing
  8842 | D:11     | Killed a two-headed ogre
  8853 | D:11     | Killed a brown ugly thing
  8923 | D:11     | Noticed a seven-headed hydra
  8928 | D:11     | Killed a seven-headed hydra
  8999 | D:11     | Noticed Nergalle
  9007 | D:11     | Killed Nergalle
  9008 | D:11     | Reached skill level 17 in Maces & Flails
  9008 | D:11     | Reached XP level 12. HP: 104/104 MP: 11/11
  9195 | D:11     | You fall into a shaft and drop 3 floors!
  9195 | D:14     | Found Ficly's Magic Scroll Shoppe.
  9196 | D:14     | Noticed a centaur warrior
  9197 | D:14     | Identified the +1 tower shield "Xasan" {rF+ Str+3 Dex+3}
  9197 | D:14     | Noticed Louise
  9209 | D:14     | Killed a centaur warrior
  9218 | D:14     | Killed Louise
  9235 | D:14     | Bought a scroll of enchant weapon for 127 gold pieces
  9235 | D:14     | Bought a scroll of enchant weapon for 127 gold pieces
  9305 | D:13     | Noticed a centaur warrior
  9322 | D:13     | Killed a centaur warrior
  9404 | D:12     | Noticed Kirke
  9417 | D:12     | Killed Kirke
  9418 | D:12     | Reached skill level 1 in Armour
  9418 | D:12     | Reached skill level 1 in Shields
  9617 | D:11     | Noticed a two-headed ogre
  9623 | D:11     | Killed a two-headed ogre
  9623 | D:11     | Reached ***** piety under Trog
  9673 | D:12     | Identified the +5 tower shield of Sif Muna's Envy {Will+
                  | Slay+2}
  9799 | D:12     | Reached skill level 18 in Maces & Flails
  9879 | D:12     | Found a staircase to the Orcish Mines.
 10392 | D:13     | Found a gate to the Vaults.
 10392 | D:13     | Noticed a two-headed ogre
 10392 | D:13     | Noticed a two-headed ogre
 10393 | D:13     | Noticed an ogre mage
 10403 | D:13     | Killed a two-headed ogre
 10407 | D:13     | Killed a two-headed ogre
 10518 | D:13     | Reached XP level 13. HP: 110/110 MP: 12/12
 10747 | D:13     | Identified the ring "Wieclued" {MP-9 AC+4 Int+6 Dex+3}
 11056 | Lair:1   | Entered Level 1 of the Lair of Beasts
 11713 | Lair:2   | Found a staircase to the Swamp.
 11814 | Lair:2   | Found a staircase to the Snake Pit.
 11820 | Lair:2   | Reached skill level 5 in Dodging
 11829 | Lair:2   | Received a gift from Trog
 12511 | Lair:2   | Reached skill level 5 in Armour
 12511 | Lair:2   | Reached skill level 5 in Shields
 13090 | Lair:3   | Reached skill level 5 in Fighting
 13384 | Lair:3   | Acquired the ring "Singeu Itsa" {+Blink rN++ rCorr Int+5}
 13427 | Lair:3   | Received a gift from Trog
 13532 | Lair:3   | Got the Almanac of the Compass and Poison
 13734 | Lair:4   | Reached XP level 14. HP: 127/127 MP: 4/13
 13998 | Lair:4   | You fall into a shaft and drop 2 floors!
 13998 | Lair:6   | Entered Level 6 of the Lair of Beasts
 14835 | Lair:5   | Found a hazy altar of Hepliaklqana.
 15434 | Lair:6   | Received a gift from Trog
 15845 | Lair:6   | Noticed Snorg
 15854 | Lair:6   | Killed Snorg
 16158 | Lair:6   | Reached XP level 15. HP: 139/139 MP: 5/14
 16265 | Lair:6   | Identified the +0 swamp dragon scales "Qozxeew" {rElec
                  | rPois}
 16721 | Lair:6   | Received a gift from Trog
 16835 | Lair:6   | Found a staircase to the Slime Pits.
 17119 | Orc:1    | Entered Level 1 of the Orcish Mines
 17596 | Orc:2    | Entered Level 2 of the Orcish Mines
 17723 | Orc:2    | Gained mutation: Armour fits poorly on your strangely
                  | shaped body. [a neqoxec]
 17733 | Orc:2    | Received a gift from Trog
 18002 | Orc:2    | Found Unkyett's Antique Weapon Shoppe.
 18024 | Orc:2    | Lost mutation: Armour fits poorly on your strangely shaped
                  | body. [potion of mutation]
 18024 | Orc:2    | Gained mutation: Your body sometimes deteriorates upon
                  | taking damage. [potion of mutation]
 18024 | Orc:2    | Gained mutation: You evolve. [potion of mutation]
 18195 | Orc:2    | Found Roaqel's Jewellery Shoppe.
 18205 | Orc:2    | Found a staircase to the Elven Halls.
 18237 | Orc:2    | Found Noakupre's Antique Weapon Emporium.
 18409 | Orc:2    | Found Wuafoifu's Magic Scroll Emporium.
 18416 | Orc:2    | Found Bolu's Book Shoppe.
 18466 | Orc:2    | Found Fyehod's Weapon Boutique.
 18466 | Orc:2    | Found Kotink's Magic Scroll Shop.
 18467 | Orc:2    | Found Keyfomis's General Store.
 18475 | Orc:2    | Found Zyoshreo's Antique Weapon Boutique.
 18480 | Orc:2    | Bought a scroll of enchant weapon for 120 gold pieces
 18857 | Orc:2    | Gained mutation: You are partially covered in iridescent
                  | scales. (AC +2) [evolution]
 19319 | D:14     | Found Jaid's General Store.
 19433 | D:14     | Found Wenaif Lets's General Store.
 19469 | D:14     | Found Vauf Rumm's Weapon Shoppe.
 19485 | D:14     | Found Roco Ruo's Armour Emporium.
 19955 | D:14     | Received a gift from Trog
 20101 | D:15     | Entered Level 15 of the Dungeon
 20154 | D:15     | Found a staircase to the Depths.
 20650 | D:15     | Reached XP level 16. HP: 153/153 MP: 6/15
 21040 | Orc:2    | Bought an amulet of regeneration for 420 gold pieces
 21176 | Snake:1  | Entered Level 1 of the Snake Pit
 21318 | Snake:1  | Found Ryaf's Assorted Antiques.
 21644 | Snake:1  | Reached skill level 10 in Shields
 22440 | Snake:2  | Identified Roxanne's Handbook of the Rocks
 22440 | Snake:2  | Noticed Roxanne
 22528 | Snake:2  | Killed Roxanne
 22891 | Snake:2  | Noticed Agnes
 22899 | Snake:2  | Killed Agnes
 23125 | Snake:3  | Noticed Aizul
 23137 | Snake:3  | Killed Aizul
 23492 | Snake:3  | Received a gift from Trog
 24044 | Snake:3  | Reached skill level 10 in Dodging
 24236 | Snake:3  | Gained mutation: You have a somewhat thin skeletal
                  | structure. (Dex +2, Stealth+) [evolution]
 24500 | Snake:4  | Entered Level 4 of the Snake Pit
 24520 | Snake:4  | Found a frozen archway.
 24556 | IceCv    | Entered an ice cave
 24557 | IceCv    | Found a transporter.
 24631 | IceCv    | Found a transporter.
 24879 | Snake:4  | Received a gift from Trog
 25126 | Snake:4  | Noticed a quicksilver dragon
 25128 | Snake:4  | Noticed a quicksilver dragon
 25144 | Snake:4  | Killed a quicksilver dragon
 25145 | Snake:4  | Reached XP level 17. HP: 106/165 MP: 1/16
 25155 | Snake:4  | Reached skill level 10 in Armour
 25159 | Snake:4  | HP: 6/165 [naga sharpshooter/bolt (11)]
 25159 | Snake:4  | HP: 1/165 [naga sharpshooter/bolt (5)]
 25159 | Snake:4  | Mangled by a nagaraja

Illustrated notes

Levels and vault maps discovered:
D:1:      grunt_arrival_crossed_arrows, layout_loops_cross,
          chequers_ecumenical_altar_grove, serial_shops, shop, st_stairs_1
D:2:      layout_loops_ring
D:3:      due_chaos_kobolds, layout_loops_ring, grunt_decor_fettered,
          uniq_crazy_yiuf_cottage
D:4:      layout_cave_pools, nemelex_diamond_rough_becter,
          mainiacjoe_overflow_brackets
D:5:      corexii_shantytown, layout_basic, lemuel_tele_altar,
          lemuel_round_altar, minmay_misc_feat_five, minmay_crossroads
D:6:      layout_loops_corners, vehumet_altar_wand_db,
          nicolae_uskayaw_dance_hall, mainiacjoe_overflow_tiny_flanked,
          minmay_temple_entry_proselytizer
D:7:      layout_rooms, mainiacjoe_overflow_paths, kennysheep_mini
D:8:      layout_loops_ring, bloody_trog, minmay_manual_mess
D:9:      layout_stronghold, uniq_pikel
D:10:     layout_roguey, regret_index_temple_of_mockery,
          chequers_temple_overflow_statue_of_worship, david_lair_generic
D:11:     layout_rooms, uniq_fannar, uniq_nergalle
D:12:     layout_loops_cross, erik_orc_1, hangedman_abyss_or_decor_lesser_grid,
          uniq_kirke
D:13:     layout_loops_ring, david_vaults_2
D:14:     minmay_curly_fans, layout_loops_cross, minmay_misc_feat_encased,
          serial_shops, nicolae_lakefront_shop, nicolae_shop_waterfront,
          nicolae_shop_trees, nicolae_inconvenience_store, shop,
          grunt_decor_clamped, uniq_louise
D:15:     grunt_enter_depths_giant_problem, layout_gridville
Lair:1:   layout_misc_corridors, infiniplex_staircase_pool
Lair:2:   layout_loops_ring, nicolae_swamp_entry_splash_gauntlet,
          minmay_snake_entry_six_corridors, minmay_holes, fungi_pond_lemuel,
          beast_lair_carwin_11
Lair:3:   layout_chaotic_city, worms_lemuel, grunt_megastairs_4
Lair:4:   layout_big_grid, nzn_sisyphean_effort
Lair:5:   layout_loops_ring, basic_altar
Lair:6:   due_jungle_book, layout_concentric_octagons, slime_dummy,
          grunt_megastairs_3, lemuel_fruit_tree, minmay_lair_oklob_chamber,
          uniq_snorg
Snake:1:  layout_chambers, serial_shops, nicolae_shop_overgrown_old_shop,
          hangedman_snake_pattern, st_stairs_5
Snake:2:  layout_cave_town, uniq_agnes, uniq_roxanne
Snake:3:  layout_chambers, nicolae_snake_salamander_jacuzzi, uniq_aizul
Snake:4:  hellmonk_snake_rune_quicksilver_temple, layout_rooms,
          portal_ice_cave_entry_dragon
Orc:1:    nicolae_orc_accident_2, layout_diamond_mine
Orc:2:    st_orc_mages, layout_caves, serial_shops, nicolae_shop_crystal, shop,
          shop, shop, shop, nicolae_orc_pool_cavern, david_defended_altar_orc

Skill      XL: |  1  2  3  4  5  6  7  8  9 10 11 12 13 14 15 16 17 |
---------------+----------------------------------------------------+-----
Maces & Flails | 3 4 5 6 7 9 11 13 15 17 18 | 18.0
Armour         | 3 5 7 8 9 10 | 10.0
Dodging        | 4 6 8 9 10 | 10.3
Shields        | 3 5 7 9 11 | 11.4
Fighting       | 5 7 8 9 |  9.8

Action                   |  1- 3 |  4- 6 |  7- 9 | 10-12 | 13-15 | 16-18 || total
-------------------------+-------+-------+-------+-------+-------+-------++-------
Melee: Mace              |    57 |       |       |       |       |       ||    57
       Morningstar       |    60 |   135 |   235 |   131 |  1031 |       ||  1592
       Dire flail        |       |       |   114 |   290 |       |       ||   404
       Eveningstar       |       |       |       |       |   313 |   508 ||   821
Invok: Berserk           |       |     4 |    10 |    19 |    29 |    12 ||    74
       Trog's Hand       |       |       |     1 |     2 |     2 |     2 ||     7
       Brothers in Arms  |       |       |       |     1 |     4 |     6 ||    11
  Use: Scroll            |       |     7 |     9 |    11 |    28 |     7 ||    62
       Potion            |       |       |       |       |     4 |       ||     4
 Stab: Sleeping          |       |       |     1 |       |       |       ||     1
Armor: Animal skin       |    48 |    67 |    79 |       |       |       ||   194
       Steam dragon scal |       |       |    18 |    66 |       |       ||    84
       Skin              |       |       |     1 |       |       |       ||     1
       Acid dragon scale |       |       |       |   132 |   597 |     2 ||   731
       Swamp dragon scal |       |       |       |       |       |   166 ||   166
       Ice dragon scales |       |       |       |       |       |    40 ||    40
Dodge: Dodged            |    75 |   119 |   172 |   150 |   381 |   157 ||  1054
Block: Tower shield      |       |       |       |    92 |  1618 |   705 ||  2415
